 Dungeon Crawl Stone Soup version 0.26-a0-642-g67e99244d3 (webtiles) character file.

Game seed: 6335374535802665859

43116 Drevant2 the Devastator (level 14, -10/76 HPs)
             Began as an Octopode Earth Elementalist on Sept 17, 2020.
             Was a High Priest of Sif Muna.
             Mangled by a white ugly thing (27 damage)
             ... on level 14 of the Dungeon on Sept 21, 2020.
             The game lasted 02:09:22 (36219 turns).

Drevant2 the Devastator (OpEE)                     Turns: 36219, Time: 02:09:23

Health: -10/76     AC:  3    Str: 14    XL:     14   Next: 22%
Magic:  22/22      EV: 21    Int: 21    God:    Sif Muna [*****.]
Gold:   393        SH:  0    Dex: 13    Spells: 4/24 levels left

rFire    + . .     SeeInvis .   G - +1 long sword (elec)
rCold    . . .     Faith    .   (no shield)
rNeg     . . .     Spirit   .   k - +2 hat
rPois    .         Reflect  .   U - amulet of regeneration
rElec    .         Harm     .   A - +6 ring of strength
rCorr    .         Rampage  .   K - ring of protection from fire
MR       +....                  O - +4 ring of evasion
Stlth    +++.......             P - +4 ring of evasion
HPRegen  0.62/turn              (no ring)
MPRegen  0.18/turn              (no ring)
                                (no ring)
                                (no ring)

@: about to teleport
A: almost no armour, stealthy swim, amphibious, 8 rings, constrict 8, camouflage
1, gelatinous body 1
a: Channel Magic, Forget Spell, Divine Exegesis, Renounce Religion


You were on level 14 of the Dungeon.
You worshipped Sif Muna.
Sif Muna was extremely pleased with you.
You visited 3 branches of the dungeon, and saw 22 of its levels.
You also visited: Ice Cave.

You collected 1373 gold pieces.
You spent 980 gold pieces at shops.

Inventory:

Hand Weapons
 i - a +0 hand axe
 j - a +0 dagger
 n - a -1 dagger
 s - a -2 hand axe
 G - a +1 long sword of electrocution (weapon)
 T - a +2 demon blade of electrocution
Missiles
 b - 158 stones (quivered)
Armour
 k - a +2 hat (worn)
 t - a +0 chain mail
 E - a +0 cloak
 I - a scarf of shadows
Jewellery
 e - an uncursed amulet of the acrobat {unknown}
 A - a +6 ring of strength (left tentacle)
 H - an uncursed amulet of faith
 K - a ring of protection from fire (right tentacle)
 O - a +4 ring of evasion (on tentacle)
 P - a +4 ring of evasion (on tentacle)
 R - an uncursed ring of fire
 U - an amulet of regeneration (around mantle)
 Z - an uncursed amulet of the acrobat {unknown}
Wands
 f - a wand of digging (3)
 l - a wand of iceblast (12)
 o - a wand of random effects (19)
 v - a wand of polymorph (33)
 y - a wand of enslavement (18)
 z - a wand of paralysis (10)
 M - a wand of flame (63)
Scrolls
 a - 6 scrolls of remove curse
 h - a scroll of identify
 m - 4 scrolls of magic mapping
 p - 3 scrolls of noise
 r - 5 scrolls of fog
 u - 3 scrolls of random uselessness {unknown}
 x - 6 scrolls of enchant weapon
 C - a scroll of amnesia
 D - 5 scrolls of immolation {unknown}
 J - 7 scrolls of enchant armour
 Q - a scroll of vulnerability {unknown}
 S - a scroll of torment {unknown}
 V - a scroll of holy word {unknown}
Potions
 c - 3 potions of stabbing
 d - 8 potions of curing
 g - 5 potions of mutation
 q - 6 potions of flight
 w - 4 potions of lignification
 B - 2 potions of haste
 F - 4 potions of ambrosia
 W - 2 potions of resistance {unknown}
 X - 2 potions of heal wounds
 Y - a potion of might


   Skills:
 - Level 2.1 Dodging
 - Level 2.7 Stealth
 + Level 5.7 Spellcasting
 * Level 18.6 Conjurations
 - Level 3.3 Transmutations
 - Level 12.2 Earth Magic


You had 4 spell levels left.
You knew the following spells:

 Your Spells              Type           Power        Failure   Level
a - Sandblast             Erth           ######       1%          1
b - Stone Arrow           Conj/Erth      ######       1%          3
c - Petrify               Tmut/Erth      #####...     4%          4
d - Lee's Rapid Deconstr  Erth           ######....   1%          5
e - Orb of Destruction    Conj           ######....   4%          7

Your spell library contained the following spells:

 Spells                   Type           Power        Failure   Level
 Magic Dart               Conj           ####         0%          1
 Searing Ray              Conj           ######       0%          2
 Foxfire                  Conj/Fire      ####         1%          1
 Passwall                 Tmut/Erth      #####...     1%          2
 Conjure Flame            Conj/Fire      #####...     1%          3
 Dazzling Flash           Conj/Hex       #####.       1%          3
 Beastly Appendage        Tmut           ###...       2%          1
 Mephitic Cloud           Conj/Pois/Air  ####....     2%          3
 Fulminant Prism          Conj/Hex       #####.....   2%          4
 Hailstorm                Conj/Ice       #####...     2%          4
 Iskenderun's Mystic Bla  Conj/Tloc      #####...     2%          4
 Wereblood                Tmut           ###.....     3%          2
 Leda's Liquefaction      Hex/Erth       ####......   9%          4
 Corona                   Hex            #......      10%         1
 Freeze                   Ice            #...         10%         1
 Blink                    Tloc           N/A          16%         2
 Call Imp                 Summ           #.......     16%         2
 Slow                     Hex            #.......     16%         2
 Spider Form              Tmut/Pois      ##........   16%         3
 Confusing Touch          Hex            #.......     30%         3
 Frozen Ramparts          Ice            #.....       30%         3
 Inner Flame              Hex/Fire       #.......     30%         3
 Ozocubu's Armour         Ice            #.......     30%         3
 Portal Projectile        Hex/Tloc       #.....       30%         3
 Summon Guardian Golem    Hex/Summ       #.......     30%         3
 Tukima's Dance           Hex            #.......     30%         3
 Ice Form                 Ice/Tmut       ##......     45%         4
 Cause Fear               Hex            #.........   69%         4
 Summon Ice Beast         Ice/Summ       #.......     69%         4
 Bolt of Magma            Conj/Fire/Erth #####.....   4%          5
 Starburst                Conj/Fire      #####.....   32%         6
 Statue Form              Tmut/Erth      #####....    54%         6
 Blade Hands              Tmut           ###.......   56%         5
 Silence                  Hex/Air        #.........   95%         5


Dungeon Overview and Level Annotations

Branches:
Dungeon (14/15)            Temple (0/1) D:7            Lair (6/6) D:9
 Shoals (0/4) Lair:3       Spider (0/4) Lair:2        Slime (0/5) Lair:5
    Orc (2/2) D:10          IceCv (visited)
    Elf: Orc:2       Vaults: D:13-14

Altars:
Ashenzari
Dithmenos
Elyvilon
Kikubaaqudgha
Makhleb
Okawaru
Qazlal
Sif Muna
Trog
Vehumet
Wu Jian

Shops:
D:6 :!   D:14 (

Annotations:
D:4 Menkaure
D:10 2 transporters, YoungGLord's ghost, journeyman GrEE
Lair:6 2 runed translucent doors


Innate Abilities, Weirdness & Mutations

You cannot wear most types of armour.
You are very stealthy in the water. (Stealth+)
You are amphibious.
You can wear up to eight rings at the same time.
You can use your tentacles to constrict eight enemies at once.
Your skin changes colour to match your surroundings (Stealth+).
Your rubbery body absorbs attacks. (AC +1, EV +1)


Message History

Strange energies run through your body!
The red ugly thing basks in your mutagenic energy and changes!
You see here an ugly thing corpse.
Your magical contamination has completely faded away.
The white ugly thing headbutts you! The white ugly thing freezes you!!
Okay, then.
Okay, then.
Magic courses through your body. The white ugly thing headbutts you.
The white ugly thing freezes you!!
* * * LOW HITPOINT WARNING * * *
Okay, then.
Casting: Orb of Destruction (dangerous; 4% risk of failure)
Confirm with . or Enter, or press ? or * to list all spells.
Okay, then.
Okay, then.
As you read the scroll of teleportation, it crumbles to dust.
You feel strangely unstable. The white ugly thing headbutts you.
* * * LOW HITPOINT WARNING * * *
The white ugly thing freezes you!!
You die...

######.####
#########..........
#........##.####.####
#)# #.#....# ### #
#.####...#### #
#.##....## #
#.##.#.## ## #.##.#.#
#. #...@u.# #.
#<..#...# #.
#..###..# # #.## ##.#
#. #...# #.# #.
....... ## ##
####+++##


You could see a white ugly thing.

Vanquished Creatures
  3 hydras
  Harold (D:8)
  A two-headed ogre (D:14)
  A catoblepas (Lair:5)
  A fire crab (Lair:6)
  Pikel (D:8)
  3 ugly things (D:14)
  A manticore (D:11)
  3 molten gargoyles (Lair:6)
  9 elephants
  8 black mambas
  9 cane toads
  A gargoyle (D:11)
  3 rime drakes
  10 komodo dragons
  6 polar bears
  Prince Ribbit (D:8)
  3 trolls
  3 blink frogs
  A meliai zombie (D:13)
  15 hippogriffs
  2 wyverns
  A wraith (D:11)
  26 yaks
  A shadow (D:13)
  3 basilisks (Lair:6)
  A vampire mosquito (D:12)
  A steam dragon (Lair:6)
  A two-headed ogre zombie (D:10)
  A warg (Orc:2)
  9 water moccasins
  5 hell hounds (Lair:6)
  5 orc warriors
  7 porcupines
  2 black bears
  6 phantoms
  4 sky beasts
  8 ice beasts (D:14)
  8 wolves
  15 centaurs
  14 crocodiles
  4 ogres
  2 lemures (D:8)
  5 big kobolds
  Blork the orc (D:8)
  17 bullfrogs
  A gnoll sergeant (D:8)
  3 scorpions
  6 killer bees (D:7)
  5 wights (D:10)
  4 howler monkeys (D:11)
  A crimson imp (D:3)
  3 lava snakes (Lair:6)
  4 bullfrog zombies
  5 centaur zombies
  7 hounds
  2 quasits
  2 centaur skeletons
  8 orc priests
  4 jellies
  12 orc wizards
  A bullfrog skeleton (D:13)
  Ijyb (D:4)
  An iguana (D:7)
  8 worker ants
  10 hell rats
  7 ogre zombies (D:10)
  2 hound zombies (D:7)
  2 hound skeletons
  14 adders
  5 gnolls (D:8)
  2 shadow imps
  2 white imps
  3 ufetubi
  2 oozes (Lair:5)
  2 adder skeletons
  3 worms
  A dart slug (D:3)
  8 leopard geckos
  54 orcs
  9 bats
  4 giant cockroaches
  7 goblins
  8 hobgoblins
  23 jackals
  5 quokkas
  2 ball pythons
  6 frilled lizards
  4 goblin zombies (D:10)
  A hobgoblin skeleton (D:10)
  4 hobgoblin zombies (D:10)
  A jackal skeleton (D:8)
  35 kobolds
  A leopard gecko skeleton (D:6)
  2 orc skeletons (D:10)
  14 orc zombies (D:10)
  A quokka zombie (D:8)
  7 rats
562 creatures vanquished.

Vanquished Creatures (others)
  A wyvern (Lair:5)
  A quokka (D:9)
  A bush (D:9)
  58 fungi
  49 plants
110 creatures vanquished.

Grand Total: 672 creatures vanquished

Notes
Turn   | Place    | Note
-------+----------+-------------------------------------------
     0 | D:1      | Drevant2 the Octopode Earth Elementalist began the quest
                  | for the Orb.
     0 | D:1      | Reached XP level 1. HP: 11/11 MP: 3/3
   217 | D:1      | Reached XP level 2. HP: 17/17 MP: 3/5
   676 | D:1      | Reached XP level 3. HP: 21/21 MP: 4/6
   902 | D:2      | Learned a level 3 spell: Stone Arrow
  1380 | D:2      | Reached XP level 4. HP: 27/27 MP: 5/7
  1446 | D:2      | You fall into a shaft and drop 1 floor!
  1447 | D:3      | Noticed a centaur
  1617 | D:2      | Reached skill level 5 in Earth Magic
  1717 | D:2      | Found a faded altar of an unknown god.
  2034 | D:2      | Found a shimmering blue altar of Sif Muna.
  2042 | D:2      | Became a worshipper of Sif Muna the Loreminder
  2181 | D:2      | Reached XP level 5. HP: 31/31 MP: 5/8
  3096 | D:3      | Reached * piety under Sif Muna
  3177 | D:3      | Found a radiant altar of Vehumet.
  3276 | D:3      | Found a burning altar of Makhleb.
  3277 | D:3      | Reached XP level 6. HP: 36/36 MP: 7/9
  3568 | D:3      | Learned a level 4 spell: Petrify
  3815 | D:4      | Found an iron altar of Okawaru.
  3818 | D:4      | Found a bloodstained altar of Trog.
  3821 | D:4      | Found a shattered altar of Ashenzari.
  3826 | D:4      | Found an ornate altar of the Wu Jian Council.
  3883 | D:4      | Noticed Ijyb
  3895 | D:4      | Killed Ijyb
  4230 | D:4      | Noticed Menkaure
  4770 | D:5      | Entered Level 5 of the Dungeon
  4868 | D:5      | Reached XP level 7. HP: 41/41 MP: 4/10
  5062 | D:5      | You fall into a shaft and drop 3 floors!
  5804 | D:6      | Found a shadowy altar of Dithmenos.
  5909 | D:7      | Reached ** piety under Sif Muna
  6212 | D:6      | Found Kishrocu's Distillery.
  6217 | D:6      | Bought a potion of lignification for 39 gold pieces
  6217 | D:6      | Bought a potion of degeneration for 13 gold pieces
  6217 | D:6      | Bought a potion of haste for 130 gold pieces
  6247 | D:6      | Reached XP level 8. HP: 46/46 MP: 7/11
  6510 | D:5      | Reached skill level 10 in Earth Magic
  6920 | D:5      | Found a stormy altar of Qazlal.
  6931 | D:5      | Found a radiant altar of Vehumet.
  7730 | D:6      | Found Routofa Soo's Book Shoppe.
  8230 | D:6      | Reached XP level 9. HP: 51/51 MP: 10/12
  8675 | D:7      | Reached skill level 1 in Conjurations
  8988 | D:7      | Found a staircase to the Ecumenical Temple.
  9033 | D:7      | Reached skill level 2 in Conjurations
  9337 | D:7      | Reached skill level 3 in Conjurations
  9416 | D:8      | Noticed Harold
  9416 | D:8      | Noticed Pikel
  9524 | D:8      | Noticed Prince Ribbit
  9541 | D:8      | Killed Prince Ribbit
  9541 | D:8      | Reached skill level 4 in Conjurations
  9830 | D:8      | Learned a level 5 spell: Lee's Rapid Deconstruction
  9833 | D:8      | Killed Pikel
  9833 | D:8      | Reached skill level 5 in Conjurations
  9975 | D:8      | Reached *** piety under Sif Muna
 10170 | D:8      | Reached skill level 6 in Conjurations
 10990 | D:9      | Reached XP level 10. HP: 56/56 MP: 14/16
 11628 | D:9      | Reached skill level 5 in Spellcasting
 11628 | D:9      | Reached skill level 7 in Conjurations
 11701 | D:9      | Found an ancient bone altar of Kikubaaqudgha.
 11832 | D:9      | Found a staircase to the Lair.
 11837 | Lair:1   | Entered Level 1 of the Lair of Beasts
 12070 | D:9      | Found a white marble altar of Elyvilon.
 12459 | D:10     | Entered Level 10 of the Dungeon
 12534 | D:10     | Reached **** piety under Sif Muna
 12587 | D:11     | Noticed a manticore
 12761 | D:10     | Found a staircase to the Orcish Mines.
 13013 | D:10     | Reached ***** piety under Sif Muna
 13020 | D:10     | Identified Sif Muna's Incunabulum of Conjuration (Sif Muna
                  | gifted it to you on level 10 of the Dungeon)
 13020 | D:10     | Received a gift from Sif Muna
 13454 | D:10     | Found a transporter.
 13485 | D:10     | Noticed a two-headed ogre
 13486 | D:10     | Noticed YoungGLord's ghost (journeyman GrEE)
 13520 | D:10     | Identified the +5 dire flail "Qodem" {freeze, rC+ Dex+4
                  | SInv}
 13520 | D:10     | Noticed a two-headed ogre
 13526 | D:10     | Found a transporter.
 13616 | D:10     | Reached skill level 8 in Conjurations
 14265 | Orc:1    | Entered Level 1 of the Orcish Mines
 14347 | Orc:1    | Reached skill level 9 in Conjurations
 14440 | Orc:2    | Entered Level 2 of the Orcish Mines
 14608 | Orc:2    | Reached XP level 11. HP: 46/61 MP: 12/18
 14609 | Orc:2    | Noticed a two-headed ogre
 15234 | D:11     | Learned a level 7 spell: Orb of Destruction
 15250 | D:11     | Reached skill level 10 in Conjurations
 15313 | D:11     | Found a shattered altar of Ashenzari.
 15979 | D:11     | Killed a manticore
 17286 | Lair:1   | Reached skill level 11 in Conjurations
 18035 | Lair:1   | Reached skill level 12 in Conjurations
 18579 | Lair:2   | Received a gift from Sif Muna
 19472 | Lair:2   | Found a hole to the Spider Nest.
 20020 | Lair:3   | Found a staircase to the Shoals.
 20021 | Lair:3   | Noticed a manticore
 20057 | Lair:3   | Reached XP level 12. HP: 66/66 MP: 11/19
 20071 | Lair:3   | Reached skill level 13 in Conjurations
 20855 | Lair:4   | Noticed a catoblepas
 21187 | Lair:3   | Reached skill level 14 in Conjurations
 24006 | Lair:4   | Reached skill level 15 in Conjurations
 25631 | Lair:5   | Found a staircase to the Slime Pits.
 26043 | Lair:5   | Noticed a catoblepas
 26090 | Lair:6   | Entered Level 6 of the Lair of Beasts
 26674 | Lair:6   | Reached XP level 13. HP: 71/71 MP: 12/20
 27324 | Lair:6   | Reached skill level 16 in Conjurations
 29202 | Lair:6   | Reached skill level 17 in Conjurations
 30649 | Lair:6   | Found a large runed translucent door.
 30650 | Lair:6   | Found a large runed translucent door.
 31268 | Lair:6   | Noticed a fire dragon
 32002 | D:11     | HP: 1/71 [gargoyle/stone arrow (14)]
 32200 | D:8      | Killed Harold
 32399 | D:8      | Noticed Blork the orc
 32408 | D:8      | Killed Blork the orc
 32496 | D:8      | Found a shimmering blue altar of Sif Muna.
 32803 | D:6      | Bought the Tome of the Mountains and Flames for 798 gold
                  | pieces
 33256 | D:13     | Reached skill level 18 in Conjurations
 34203 | D:14     | Reached XP level 14. HP: 70/76 MP: 2/21
 34302 | D:14     | Found a frozen archway.
 34309 | D:14     | Identified Rereitef's Almanac of Bewitchment (Sif Muna
                  | gifted it to you on level 14 of the Dungeon)
 34309 | D:14     | Received a gift from Sif Muna
 34652 | IceCv    | Entered an ice cave
 35630 | IceCv    | Noticed a frost giant
 35699 | IceCv    | Upgraded the game from 0.26-a0-639-g72c4674329 to
                  | 0.26-a0-642-g67e99244d3
 35753 | D:14     | Found Buitz's Weapon Shoppe.
 36219 | D:14     | Mangled by a white ugly thing

Illustrated notes

Levels and vault maps discovered:
D:1:      minmay_arrival_four_circles, layout_rooms, minmay_misc_feat_columns
D:2:      minmay_skewed_foursquare, layout_rooms, lemuel_round_altar,
          chequers_ecumenical_altar_grove
D:3:      layout_loops_ring, grunt_temple_overflow_lords_of_destruction
D:4:      layout_loops_corners, grunt_temple_overflow_cloverleaf, uniq_ijyb,
          uniq_menkaure
D:5:      layout_basic, basic_altar, amethyst_killhole,
          minmay_misc_feat_hallway, grunt_qazlal_clouds
D:6:      layout_basic, serial_shops, shop, nicolae_shop_stone,
          grunt_dithmenos_smoke_and_mirrors
D:7:      layout_cave_pools, minmay_temple_entry_junction_2
D:8:      layout_basic, tgw_sif, uniq_harold, uniq_pikel, uniq_prince_ribbit1
D:9:      layout_stronghold, nicolae_overflow_crystal_walls, lair_entry_dummy,
          kb_lookout_dungeons_type, elyvilon_altar_4
D:10:     layout_rooms, zombieorc2_lemuel, gammafunk_ghost_smash,
          chequers_serial_rivers_large_a
D:11:     layout_roguey, ashenzari_altar_1
D:12:     layout_basic
D:13:     minmay_cornered_nines, layout_rooms
D:14:     layout_loops_cross, grunt_vaults_entry_tiered,
          portal_ice_cave_entry_ice_beasts, minmay_door_square, serial_shops,
          shop, wad_dig_loot, uniq_rupert
Lair:1:   layout_regular_city, grunt_megastairs_2
Lair:2:   layout_regular_city, spider_nest_entry_web_field
Lair:3:   layout_regular_city, minmay_shoals_entry_beasts, grunt_megastairs_4
Lair:4:   layout_concentric_octagons, grunt_megastairs_3, serial_bayou_shore_b
Lair:5:   layout_big_grid, nicolae_slime_entry_slimehenge
Lair:6:   cheibrodos_lair_end_hotspot, layout_cave_pods
Orc:1:    layout_caves, abandoned_shop
Orc:2:    st_orc_open, layout_caves, gauntlet_entry_generic, minmay_orc_keep

Skill      XL: |  1  2  3  4  5  6  7  8  9 10 11 12 13 |
---------------+----------------------------------------+-----
Earth Magic    | 4 5 6 7 9 11 12 | 12.2
Conjurations   | 6 9 12 15 18 | 18.6
Spellcasting   | 4 5 |  5.7
Transmutations | 3 |  3.3
Dodging        | |  2.1
Stealth        | |  2.7

Action                   |  1- 3 |  4- 6 |  7- 9 | 10-12 | 13-15 || total
-------------------------+-------+-------+-------+-------+-------++-------
Melee: Dagger            |     6 |    22 |     9 |       |       ||    37
       Constrict         |     2 |     7 |    14 |    24 |    16 ||    63
       Tentacles         |     2 |     3 |    10 |    23 |    25 ||    63
       Unarmed           |       |     1 |       |       |       ||     1
       Hand axe          |       |       |    13 |       |       ||    13
       Long sword        |       |       |    18 |   102 |    61 ||   181
 Cast: Sandblast         |    34 |   103 |   168 |   281 |    85 ||   671
       Stone Arrow       |       |       |     9 |   159 |   260 ||   428
       Lee's Rapid Decon |       |       |     4 |    14 |       ||    18
       Petrify           |       |       |     3 |     3 |       ||     6
       Orb of Destructio |       |       |       |       |     6 ||     6
Evoke: Wand              |       |     1 |     2 |       |       ||     3
  Use: Scroll            |       |     4 |    10 |    15 |    10 ||    39
       Potion            |       |       |     2 |     2 |    11 ||    15
 Stab: Sleeping          |       |       |     1 |     3 |     1 ||     5
       Distracted        |       |       |       |     1 |       ||     1
       Invisible         |       |       |       |       |     1 ||     1
Armor: Skin              |       |    11 |    24 |    19 |    25 ||    79
Dodge: Dodged            |     8 |    47 |    95 |   221 |   232 ||   603
       Rpst.: Long sword |       |       |     7 |    58 |    40 ||   105

Table legend: (Time is in decaauts)
 A = Elapsed time spent in this place.
 B = Non-inter-level travel time spent in this place.
 C = Inter-level travel time spent in this place.
 D = Time resting spent in this place.
 E = Time spent auto-exploring this place.
 F = Levels seen in this place.
 G = Mean time per level.
                   A        B        C        D        E       F      G
               +--------+--------+--------+--------+--------+-----+--------+
         Total |  36332 |  29834 |   6498 |  16435 |   6144 |  23 | 1579.7 |
       Dungeon |  20841 |  16310 |   4531 |   7796 |   3769 |  14 | 1488.6 |
          Lair |  13917 |  12171 |   1746 |   7665 |   2354 |   6 | 2319.5 |
  Orcish Mines |    518 |    298 |    220 |    189 |      0 |   2 |  259.0 |
      Ice Cave |   1055 |   1055 |      0 |    785 |     21 |   1 | 1055.0 |
               +--------+--------+--------+--------+--------+-----+--------+

Top non-repeatable levels by time:
  Lair:6: 4701 daAuts
  Lair:3: 3136 daAuts
    D:11: 2327 daAuts
     D:6: 2198 daAuts
     D:8: 2184 daAuts
     D:9: 2165 daAuts
    D:10: 1980 daAuts
  Lair:2: 1694 daAuts
  Lair:5: 1693 daAuts
  Lair:1: 1502 daAuts
     D:7: 1490 daAuts
     D:2: 1434 daAuts
     D:3: 1402 daAuts
     D:4: 1224 daAuts
     D:5: 1216 daAuts
